Map: Overgrown Facility

Players

Plankiller

  • Race: Terran Terran
  • Spawn Location: 3:00

ToxicAvenger

  • Race: Terran Terran
  • League: Platinum
  • Spawn Location: 1:00

BizMac - Winner!

  • Race: Zerg Zerg
  • Spawn Location: 9:00

ILIEKEGGPIE - Winner!

  • Race: Protoss Protoss
  • League: Platinum
  • Spawn Location: 7:00

VOD

Have the link to the VOD?

Description

Time

  • Played on: June 7, 2018, 4:31 p.m.
  • Length: 9:56
Show
View Real Time Build Order
Export as new Build Order

Plankiller Terran 

Build Orders: Cyclone Opening 

Get SALT Encoding   

  12  0:01  SCV  
  13  0:13  SCV  
  14  0:21  Supply Depot  
  14  0:27  Refinery  
  14  0:31  SCV  
  15  0:46  Barracks  
  15  0:49  SCV  
  16  0:57  Refinery  
  16  1:02  SCV  
  17  1:14  SCV  
  18  1:20  Supply Depot  
  18  1:26  SCV  
  19  1:36  Factory  
  19  1:39  Barracks Reactor  
  19  1:45  SCV  
  20  1:58  SCV  
  21  2:10  SCV  
  22  2:21  Armory  
  22  2:33  Cyclone x2  
  29  2:37  SCV  
  29  2:44  Supply Depot  
  29  3:08  Cyclone  
  29  3:11  Terran Vehicle Weapons Level 1  
  32  3:13  Marine  
  33  3:20  Supply Depot  
  33  3:31  Marine  
  34  3:36  SCV  
  35  3:47  Cyclone  
  35  3:48  Cyclone, SCV  
  42  4:00  SCV  
  43  4:06  Supply Depot  
  43  4:12  SCV  
  44  4:24  Cyclone  
  44  4:28  Cyclone, SCV  
  51  4:49  Supply Depot  
  51  5:03  Cyclone  
  54  5:11  Cyclone  
  54  5:13  Barracks Tech Lab  
  57  5:17  Supply Depot  
  31  6:20  Siege Tank  
  28  6:26  Marine  
  28  6:27  Marine  
  30  6:43  Command Center  
  30  6:48  Marine x2  
  30  6:50  Barracks  
  30  6:52  Siege Tank  
  35  7:06  Marine x2  
  35  7:07  Starport  
  37  7:19  Orbital Command, Engineering Bay  
  37  7:25  Siege Tank  
  40  7:47  Engineering Bay  
  40  7:50  Starport Tech Lab  
  40  7:51  Barracks Tech Lab  
  40  7:53  Starport  
  40  7:57  Siege Tank  
  16  8:35  SCV  
  16  8:40  Supply Depot  
  17  8:47  SCV  
  18  8:59  SCV  
  19  9:04  SCV  
  20  9:11  SCV  
  20  9:16  SCV  
  22  9:23  SCV  
  23  9:28  SCV  
  24  9:35  SCV  
  24  9:36  Starport Reactor  
  25  9:40  SCV  
  26  9:49  Supply Depot  
Show
View Real Time Build Order
Export as new Build Order

ToxicAvenger Terran 

Build Orders: MMM Bio 

Get SALT Encoding   

  12  0:02  SCV  
  13  0:14  SCV  
  14  0:26  Supply Depot  
  14  0:27  SCV  
  15  0:33  Refinery  
  15  0:48  SCV  
  15  0:49  Barracks  
  16  1:00  SCV  
  17  1:08  Supply Depot  
  17  1:12  SCV  
  18  1:26  Barracks, SCV  
  19  1:33  Refinery  
  19  1:37  Reaper  
  21  1:47  SCV  
  22  2:01  SCV  
  22  2:03  Barracks  
  22  2:14  SCV  
  23  2:23  Reaper  
  23  2:26  Barracks  
  23  2:29  Reaper  
  24  2:56  Reaper  
  24  3:01  Reaper, Supply Depot  
  24  3:02  Reaper  
  24  3:04  SCV  
  27  3:14  Reaper  
  27  3:16  SCV  
  29  3:23  Factory  
  29  3:28  Reaper  
  29  3:33  Reaper  
  31  3:35  Reaper  
  32  3:41  Supply Depot  
  32  4:04  Barracks Reactor, Barracks Tech Lab  
  32  4:13  Barracks Tech Lab  
  32  4:14  Barracks Reactor  
  35  4:37  Factory Tech Lab  
  32  4:52  Marine x2  
  32  4:53  Marine x4  
  33  5:18  Marine x2  
  33  5:19  Marine, Combat Shields  
  32  5:21  Stimpack  
  32  5:23  Siege Tank  
  35  5:31  Command Center  
  35  5:37  Marine x2  
  35  5:42  SCV  
  38  5:54  SCV  
  39  6:11  Siege Tank  
  42  6:17  Starport  
  42  6:21  Marine  
  42  6:22  Marine  
  42  6:24  SCV  
  45  6:38  Supply Depot  
  45  6:45  SCV  
  46  6:48  Siege Tank  
  46  6:52  Marine x2  
  51  6:54  Starport Reactor  
  51  6:57  SCV  
  52  7:18  Orbital Command  
  52  7:26  Supply Depot  
  52  7:32  Medivac x2  
  52  7:34  SCV  
  57  7:40  Marine x2  
  57  7:41  Marine  
  60  7:46  SCV  
  61  7:58  SCV  
  62  8:40  Marine x3  
  65  8:42  Medivac x2  
  65  8:44  SCV  
  65  8:47  Refinery  
  70  9:12  SCV  
  70  9:13  Refinery  
  70  9:17  Marine x6  
  57  9:24  SCV  
  41  9:34  Marine  
  41  9:35  Marine x2  
Show
View Real Time Build Order
Export as new Build Order

BizMac Zerg - Winner!

Build Orders: Pool First, Muta Ling Bane 

Get SALT Encoding   

  12  0:01  Drone  
  13  0:11  Drone  
  14  0:17  Overlord  
  14  0:36  Drone x3  
  17  0:50  Drone  
  17  0:53  Extractor  
  17  0:55  Spawning Pool  
  16  0:59  Drone  
  17  1:10  Drone  
  18  1:21  Hatchery  
  17  1:34  Drone  
  18  1:41  Drone  
  18  1:42  Queen  
  18  1:45  Zergling x2  
  22  2:03  Overlord  
  22  2:08  Metabolic Boost  
  22  2:26  Hatchery  
  22  2:29  Drone  
  22  2:31  Zergling x2  
  22  2:32  Zergling x2  
  24  2:46  Queen  
  24  2:48  Drone x2  
  28  2:51  Drone  
  29  3:10  Overlord  
  29  3:13  Drone x5  
  34  3:20  Extractor  
  34  3:26  Evolution Chamber  
  34  3:27  Lair  
  32  3:31  Drone  
  33  3:36  Drone x2  
  33  3:39  Drone  
  36  3:44  Baneling Nest  
  35  3:49  Drone x2  
  37  4:03  Drone x3  
  37  4:04  Drone  
  37  4:05  Drone  
  42  4:10  Extractor  
  41  4:20  Queen  
  41  4:22  Drone x3  
  46  4:25  Drone x2  
  46  4:27  Extractor  
  47  4:32  Spore Crawler  
  46  4:41  Zergling x8  
  46  4:43  Overlord x2  
  49  5:12  Spore Crawler  
  48  5:16  Drone x3  
  48  5:17  Spine Crawler  
  50  5:23  Drone x3  
  53  5:30  Spore Crawler, Zergling x14  
  53  5:31  Zergling x2  
  60  5:36  Centrifical Hooks  
  60  5:42  Spine Crawler  
  59  5:44  Spine Crawler  
  59  5:46  Zergling x6  
  59  5:47  Zergling x6  
  59  5:49  Spine Crawler  
  49  6:12  Zergling x6  
  49  6:13  Zergling x20  
  56  6:26  Spire  
  56  6:30  Drone  
  56  6:31  Drone x3  
  59  6:39  Drone  
  60  6:40  Drone x2  
  62  6:56  Baneling x7  
  62  6:57  Baneling x3  
  62  6:58  Baneling  
  62  7:01  Zergling x2  
  62  7:02  Zergling x6  
  62  7:04  Overlord  
  62  7:05  Overlord  
  66  7:24  Drone x2  
  66  7:25  Overlord, Drone  
  66  7:28  Extractor x2  
  67  7:42  Overlord, Mutalisk  
  67  7:43  Mutalisk x6  
  67  8:18  Mutalisk  
  67  8:19  Mutalisk x10  
  71  8:26  Overlord  
  86  8:36  Overlord x2  
  86  8:42  Drone  
  87  8:55  Drone  
  87  8:56  Drone  
  87  8:57  Drone  
Show
View Real Time Build Order
Export as new Build Order

ILIEKEGGPIE Protoss - Winner!

Build Orders:  

Get SALT Encoding   

  12  0:01  Probe  
  13  0:13  Probe  
  14  0:21  Pylon  
  14  0:25  Probe  
  15  0:35  Probe  
  16  0:43  Gateway, Probe  
  17  0:50  Assimilator  
  17  0:53  Probe  
  18  1:04  Probe  
  18  1:07  Assimilator  
  19  1:12  Probe  
  20  1:20  Probe  
  21  1:30  Cybernetics Core  
  21  1:38  Probe  
  22  1:53  Nexus  
  22  1:56  Probe  
  23  2:01  Pylon  
  23  2:10  Stalker  
  23  2:11  Warp Gate  
  25  2:26  Gateway  
  25  2:55  Stalker  
  27  2:58  Probe  
  27  3:05  Robotics Facility  
  28  3:06  Probe  
  28  3:08  Probe  
  28  3:09  Forge  
  30  3:14  Stalker  
  30  3:18  Probe  
  33  3:28  Stalker  
  33  3:32  Probe x2  
  37  3:41  Protoss Ground Armor Level 1  
  37  3:48  Probe x2, Pylon  
  37  3:53  Observer  
  42  4:07  Probe  
  40  4:11  Probe  
  40  4:15  Probe  
  40  4:16  Pylon  
  42  4:20  Twilight Council  
  42  4:23  Probe  
  44  4:25  Gateway  
  44  4:28  Gateway  
  44  4:30  Probe  
  45  4:33  Assimilator  
  45  4:35  Probe  
  45  4:38  Shield Battery  
  46  4:43  Stalker, Sentry  
  46  5:16  Charge  
  46  5:25  Immortal  
  46  5:29  Probe x2  
  52  5:37  Stalker x4  
  52  5:41  Probe  
  61  5:46  Probe  
  62  5:56  Pylon  
  62  5:57  Pylon  
  62  6:00  Probe  
  59  6:11  Immortal  
  59  6:28  Pylon  
  59  6:30  Probe x2  
  59  6:31  Gateway  
  61  6:32  Gateway  
  61  6:33  Assimilator  
  61  6:37  Protoss Ground Armor Level 2  
  61  6:42  Probe  
  61  6:43  Probe  
  63  6:49  Stalker x4  
  71  6:54  Probe  
  72  7:11  Immortal  
  76  7:16  Stalker  
  78  7:25  Pylon  
  78  7:49  Nexus  
  78  7:51  Pylon  
  78  7:52  Immortal  
  78  7:53  Pylon  
  64  8:28  Stalker  
  64  8:29  Zealot x4  
  64  8:30  Zealot  
  72  8:36  Templar Archives  
  72  8:38  Gateway  
  72  8:41  Gateway  
  72  8:44  Gateway  
  72  8:46  Gateway  
  72  8:48  Gateway  
  72  8:50  Gateway, Robotics Bay  
  72  9:06  Stalker  
  72  9:07  Stalker x4  
  78  9:43  Probe x3  
Tags
 
Add a new tag
Caveats
  • Supply blocks, unpowered buildings, or Contaminate may cause inaccurate times.
  • Supply counts are checked every 10 seconds.